 Dungeon Crawl Stone Soup version 0.30-a0-782-ge64f9170bb (webtiles) character file.

Game seed: 15907158200576486554

74 tilp the Slasher (level 4, -1/40 HPs)
             Began as a Meteoran Fighter on Mar 15, 2023.
             Slain by a gnoll
             ... wielding a +0 club
              (7 damage)
             ... on level 4 of the Dungeon.
             The game lasted 00:02:40 (711 turns).

tilp the Slasher (Meteoran Fighter)                  Turns: 711, Time: 00:02:41

Health: -1/40      AC:  6    Str: 17    XL:     4   Next: 82%
Magic:  5/5        EV: 10    Int: 10    God:
Gold:   68         SH:  5    Dex: 15    Spells: 3/3 levels left

rFire   . . .      SeeInvis .    a - +0 long sword
rCold   . . .      Faith    .    c - +0 buckler
rNeg    . . .      Spirit   .    h - +0 scale mail
rPois   .          Reflect  .    (no helmet)
rElec   .          Harm     .    (no cloak)
rCorr   .          Rampage  .    (no gloves)
Will    .....                    (no boots) Stlth
                                 (no amulet)
HPRegen 0.26/turn                (no ring)
MPRegen 0.09/turn                (no ring)

@: glowing
A: sense surroundings 1, otherworldly, glowing, explore regen
a: no special abilities


You were on level 4 of the Dungeon.
You visited 1 branch of the dungeon, and saw 4 of its levels.

You collected 68 gold pieces.

Inventory:

Hand Weapons
 a - a +0 long sword (weapon)
 b - a +2 dagger of protection
Missiles
 f - 29 stones
 m - 10 poisoned darts (quivered)
 o - 6 boomerangs
Armour
 c - a +0 buckler (worn)
 h - a +0 scale mail (worn)
Wands
 r - a wand of flame (21)
Scrolls
 e - a scroll of identify {unknown}
 j - 3 scrolls of enchant weapon {unknown}
 n - a scroll of vulnerability {unknown}
Potions
 d - a potion of might
 g - a potion of cancellation {unknown}
 i - 2 potions of lignification {unknown}
 k - 2 potions of heal wounds {unknown}
 l - a potion of brilliance {unknown}
 p - a potion of attraction {unknown}
 q - a potion of haste {unknown}


   Skills:
 + Level 3.9 Fighting
 * Level 4.2 Long Blades
 - Level 3.6 Armour
 - Level 2.0 Dodging
 - Level 3.6 Shields


You had 3 spell levels left.
You didn't know any spells.
Your spell library was empty.

Dungeon Overview and Level Annotations

Branches:
Dungeon (4/15) Zot: 1661
 Temple: D:4-7

Altars:
Ru


Innate Abilities, Weirdness & Mutations

You passively map a small area around you.
You are easily found by Zot.
You glow in the dark.
You regain HP and MP as you explore.


Message History

Things that are here:
a +0 hand axe; a +0 ring mail; an orc corpse You hit the gnoll but do no damage.
You block the gnoll's attack.
You closely miss the gnoll. The gnoll hits you but does no damage.
You hit the gnoll.
The gnoll is lightly wounded.
A gnoll comes into view. It is wielding a +0 club.
The gnoll hits you but does no damage.
The gnoll shouts!
You hit the gnoll but do no damage.
The gnoll is lightly wounded.
You block the gnoll's attack. The gnoll hits you with a +0 flail!
You completely miss the gnoll. The gnoll hits you with a +0 flail!
A gnoll comes into view. It is wielding a +0 halberd.
The gnoll shouts!
You slash the gnoll!
The gnoll is almost dead.
The gnoll barely misses you.
You slash the gnoll!
You kill the gnoll!
You barely miss the gnoll. The gnoll hits you with a +0 club.
The gnoll closely misses you.
The gnoll hits you from afar with a +0 halberd!
* * * LOW HITPOINT WARNING * * *
The gnoll closely misses you.
You are too injured to fight recklessly!
You are too injured to fight recklessly!
Things that are here:
a +0 hand axe; a +0 ring mail; an orc corpse
There is a stone staircase leading down here.
The gnoll hits you with a +0 club.
* * * LOW HITPOINT WARNING * * *
The gnoll hits you from afar with a +0 halberd!
* * * LOW HITPOINT WARNING * * *
You climb downwards.
There is a stone staircase leading up here.
You hit the gnoll.
The gnoll is lightly wounded.
The gnoll hits you with a +0 club!
You die...

### * , #.. * #.#
* * #.# * *
#####.##### , , ,
, #...).....#* *
* #.........#
###.........# *
#........@g.#####
*
#.#..)...........
, * #
#.<.......##### *
, #.).......#
..............#
....#.........#
#####.........# *
#.#######.# #.*
.# *


You could see a gnoll.

Vanquished Creatures
  2 adders (D:3)
  A gnoll (D:3)
  A dart slug (D:4)
  10 orcs
  A bat (D:3)
  3 endoplasms (D:2)
  A giant cockroach (D:2)
  2 goblins
  5 hobgoblins
  2 ball pythons (D:3)
  4 kobolds
32 creatures vanquished.

Notes
Turn   | Place    | Note
-------+----------+-------------------------------------------
     0 | D:1      | tilp the Meteoran Fighter began the quest for the Orb.
     0 | D:1      | Reached XP level 1. HP: 19/19 MP: 2/2
    83 | D:1      | Found a faded altar of an unknown god.
   103 | D:1      | Reached XP level 2. HP: 22/26 MP: 3/3
   323 | D:2      | Reached skill level 3 in Long Blades
   342 | D:2      | Reached skill level 1 in Dodging
   361 | D:2      | Found a sacrificial altar of Ru.
   485 | D:2      | Reached XP level 3. HP: 31/31 MP: 4/4
   552 | D:3      | Reached XP level 4. HP: 32/40 MP: 5/5
   658 | D:4      | Reached skill level 4 in Long Blades
   711 | D:4      | Slain by a gnoll

Illustrated notes

Levels and vault maps discovered:
D:1:      minmay_arrival_split_and_join, layout_loops_cross,
          hellmonk_ecumenical_altar_heavens_door, lexackson_kobold_supper
D:2:      layout_loops_ring, basic_altar, minmay_quadrilaterals
D:3:      kb_forest_paths, layout_loops_ring, nicolae_goblin_pals
D:4:      layout_loops_ring, nicolae_figureground_sparkle

Skill      XL: |  1  2  3  4 |
---------------+-------------+-----
Long Blades    | 3 4 |  4.2
Dodging        | 1 2 |  2.0
Fighting       | |  3.9
Armour         | |  3.6
Shields        | |  3.6

Action                     |  1- 3 |  4- 6 || total
---------------------------+-------+-------++-------
  Melee: Long sword        |    57 |    43 ||   100
 Armour: Scale mail        |    25 |    11 ||    36
  Dodge: Dodged            |    26 |    12 ||    38
  Block: Buckler           |    12 |    10 ||    22

Table legend: (Time is in decaauts)
 A = Elapsed time spent in this place.
 B = Non-inter-level travel time spent in this place.
 C = Inter-level travel time spent in this place.
 D = Time resting spent in this place.
 E = Time spent auto-exploring this place.
 F = Levels seen in this place.
 G = Mean time per level.
                   A        B        C        D        E       F      G
               +--------+--------+--------+--------+--------+-----+--------+
         Total |    737 |    660 |     77 |      0 |      0 |   4 |  184.2 |
       Dungeon |    737 |    660 |     77 |      0 |      0 |   4 |  184.2 |
               +--------+--------+--------+--------+--------+-----+--------+

Top non-repeatable levels by time:
     D:2: 299 daAuts
     D:1: 205 daAuts
     D:3: 178 daAuts
     D:4: 53 daAuts
